TOP OF THE 1ST |
Mile High Broncos batting - Pitching for Houston Hammertime : RHP Norberto Méndez
|
Pitching: RHP Norberto Méndez
|
|
Batting: SHB Tom Stevens
|
0-0: Called Strike 0-1: Ball 1-1: Foul Ball, location: 2F 1-2: DOUBLE (Line Drive, 5D)
|
Batting: RHB Su-kweon Yu
|
0-0: Ground out 5-3 (Groundball, 56)
|
Batting: LHB Tony Báez
|
0-0: Called Strike 0-1: Foul Ball, location: 2F 0-2: Strikes out looking
|
Batting: RHB António Martínez
|
0-0: Called Strike 0-1: Foul Ball, location: 2F 0-2: Ball 1-2: Foul Ball, location: 2F 1-2: Foul Ball, location: 2F 1-2: Fly out, F3 (Line Drive, 3)
|
Top of the 1st over - 0 run(s), 1 hit(s), 0 error(s), 1 left on base; Mile High 0 - Houston 0 |
BOTTOM OF THE 1ST |
Houston Hammertime batting - Pitching for Mile High Broncos : RHP José García
|
Pitching: RHP José García
|
|
Batting: RHB Santo Cruz
|
0-0: Ball 1-0: SINGLE (Groundball, 13S) (infield hit)
|
Batting: RHB Pepe González
|
0-0: Ball 1-0: Called Strike 1-1: Foul Ball, location: 2F 1-2: Ball 2-2: Foul Ball, location: 2F 2-2: Ground out 5-3 (Groundball, 56S) Santo Cruz to second
|
Batting: SHB Cristo Ontiveros
|
0-0: Ball Santo Cruz steals 3rd base 1-0: Ball Passed Ball! Santo Cruz scores 2-0: Ball 3-0: Base on Balls
|
Batting: RHB Mario Beltrán
|
0-0: Ball 1-0: Foul Ball, location: 2F 1-1: Ball 2-1: Grounds into double play, 5-4-3 (Groundball, 56)
|
Bottom of the 1st over - 1 run(s), 1 hit(s), 0 error(s), 0 left on base; Mile High 0 - Houston 1 |
TOP OF THE 2ND |
Mile High Broncos batting - Pitching for Houston Hammertime : RHP Norberto Méndez
|
Batting: RHB David Moran
|
0-0: Ball 1-0: Foul Ball, location: 2F 1-1: Foul Ball, location: 2F 1-2: Ball 2-2: Ball 3-2: Foul Ball, location: 2F 3-2: Foul Ball, location: 2F 3-2: Fly out, F3 (Popup, 3SF)
|
Batting: RHB Bo Vickers
|
0-0: Called Strike 0-1: SINGLE (Groundball, 34D)
|
Batting: SHB Héctor Barajas
|
0-0: Ball 1-0: Ball 2-0: Swinging Strike 2-1: Ball 3-1: Swinging Strike 3-2: Strikes out swinging
|
Batting: RHB José Darias
|
0-0: Foul Ball, location: 2F 0-1: Swinging Strike 0-2: Foul Ball, location: 2F 0-2: Ball 1-2: Strikes out swinging
|
Top of the 2nd over - 0 run(s), 1 hit(s), 0 error(s), 1 left on base; Mile High 0 - Houston 1 |
BOTTOM OF THE 2ND |
Houston Hammertime batting - Pitching for Mile High Broncos : RHP José García
|
Batting: LHB Juan Cabañas
|
0-0: Ball 1-0: Ball 2-0: Ball 3-0: Swinging Strike 3-1: Foul Ball, location: 2F 3-2: Foul Ball, location: 2F 3-2: Base on Balls
|
Batting: LHB Bartolo Villanueva
|
0-0: Called Strike 0-1: Swinging Strike 0-2: Strikes out swinging
|
Batting: RHB Moo-hyun Pak
|
0-0: Ball 1-0: Ball 2-0: Ball 3-0: Called Strike 3-1: Called Strike 3-2: Base on Balls Juan Cabañas to second
|
Batting: LHB José Villegas
|
0-0: Ball 1-0: Called Strike 1-1: Called Strike 1-2: SINGLE (Groundball, 4MD) (infield hit) Juan Cabañas to third Moo-hyun Pak to second
|
Batting: LHB Fernando Camacho
|
0-0: Ball Wild Pitch! Juan Cabañas scores Moo-hyun Pak to third José Villegas to second 1-0: Swinging Strike 1-1: Foul Ball, location: 2F 1-2: Fly out, F7 (Flyball, 78M) Runner from 3rd tags up, SCORES, throw made
|
Batting: RHB Santo Cruz
|
0-0: Ball 1-0: Ball Wild Pitch! José Villegas to third 2-0: Fly out, F2 (Popup, 25F)
|
Bottom of the 2nd over - 2 run(s), 1 hit(s), 0 error(s), 1 left on base; Mile High 0 - Houston 3 |
TOP OF THE 3RD |
Mile High Broncos batting - Pitching for Houston Hammertime : RHP Norberto Méndez
|
Batting: LHB Pat Weaver
|
0-0: Ball 1-0: Ball 2-0: Swinging Strike 2-1: Called Strike 2-2: Strikes out looking
|
Batting: SHB Tom Stevens
|
0-0: Called Strike 0-1: Ball 1-1: Fly out, F6 (Popup, 5)
|
Batting: RHB Su-kweon Yu
|
0-0: Ball 1-0: Ball 2-0: Foul Ball, location: 2F 2-1: Called Strike 2-2: Ground out 6-3 (Groundball, 6)
|
Top of the 3rd over - 0 run(s), 0 hit(s), 0 error(s), 0 left on base; Mile High 0 - Houston 3 |
BOTTOM OF THE 3RD |
Houston Hammertime batting - Pitching for Mile High Broncos : RHP José García
|
Batting: RHB Pepe González
|
0-0: Called Strike 0-1: Ball 1-1: Foul Ball, location: 2F 1-2: Foul Ball, location: 2F 1-2: Ground out 4-3 (Groundball, 4)
|
Batting: SHB Cristo Ontiveros
|
0-0: Foul Ball, location: 2F 0-1: Foul Ball, location: 2F 0-2: Foul Ball, location: 2F 0-2: Ball 1-2: Ball 2-2: Ball 3-2: Base on Balls
|
Batting: RHB Mario Beltrán
|
0-0: 2-RUN HOME RUN (Flyball, 9LD), Distance : 341 ft
|
Batting: LHB Juan Cabañas
|
0-0: Foul Ball, location: 2F 0-1: Ball 1-1: Called Strike 1-2: Ball 2-2: Ball 3-2: SOLO HOME RUN (Flyball, 9LD), Distance : 341 ft
|
Batting: LHB Bartolo Villanueva
|
0-0: SINGLE (Groundball, 56D)
|
Batting: RHB Moo-hyun Pak
|
0-0: Called Strike 0-1: Ball 1-1: Foul Ball, location: 2F 1-2: Foul Ball, location: 2F 1-2: Ball 2-2: Foul Ball, location: 2F 2-2: Ball 3-2: Base on Balls Bartolo Villanueva to second
|
Batting: LHB José Villegas
|
0-0: Grounds into double play, U6-3 (Groundball, 6M)
|
Bottom of the 3rd over - 3 run(s), 3 hit(s), 0 error(s), 1 left on base; Mile High 0 - Houston 6 |
TOP OF THE 4TH |
Mile High Broncos batting - Pitching for Houston Hammertime : RHP Norberto Méndez
|
Batting: LHB Tony Báez
|
0-0: Foul Ball, location: 2F 0-1: Swinging Strike 0-2: Ball 1-2: Strikes out looking
|
Batting: RHB António Martínez
|
0-0: Foul Ball, location: 2F 0-1: Ball 1-1: Ball 2-1: Ground out 1-3 (Groundball, 15)
|
Batting: RHB David Moran
|
0-0: Ball 1-0: Foul Ball, location: 2F 1-1: Ball 2-1: Swinging Strike 2-2: Foul Ball, location: 2F 2-2: Ball 3-2: Strikes out looking
|
Top of the 4th over - 0 run(s), 0 hit(s), 0 error(s), 0 left on base; Mile High 0 - Houston 6 |
BOTTOM OF THE 4TH |
Houston Hammertime batting - Pitching for Mile High Broncos : RHP José García
|
Batting: LHB Fernando Camacho
|
0-0: Called Strike 0-1: Ball 1-1: Swinging Strike 1-2: Fly out, F8 (Line Drive, 8RM)
|
Batting: RHB Santo Cruz
|
0-0: Called Strike 0-1: Called Strike 0-2: Ball 1-2: Ball 2-2: Ball 3-2: SINGLE (Groundball, 6MD)
|
Batting: RHB Pepe González
|
0-0: Foul Ball, location: 2F 0-1: Ball Wild Pitch! Santo Cruz to second 1-1: Ball 2-1: Foul Ball, location: 2F 2-2: Ball 3-2: Ground out 6-3 (Groundball, 6S) Santo Cruz to third
|
Batting: SHB Cristo Ontiveros
|
0-0: Ball 1-0: Foul Ball, location: 2F 1-1: SINGLE (Groundball, 34) Santo Cruz scores
|
Batting: RHB Mario Beltrán
|
0-0: Called Strike 0-1: Ball 1-1: Ground out 3-1 (Groundball, 34)
|
Bottom of the 4th over - 1 run(s), 2 hit(s), 0 error(s), 1 left on base; Mile High 0 - Houston 7 |
TOP OF THE 5TH |
Mile High Broncos batting - Pitching for Houston Hammertime : RHP Norberto Méndez
|
Batting: RHB Bo Vickers
|
0-0: Swinging Strike 0-1: Called Strike 0-2: Fly out, F6 (Popup, 6MD)
|
Batting: SHB Héctor Barajas
|
0-0: Called Strike 0-1: Bunt for hit - play at first, batter OUT! 1-3
|
Batting: RHB José Darias
|
0-0: Ball 1-0: Swinging Strike 1-1: Ball 2-1: Ball 3-1: Foul Ball, location: 2F 3-2: Foul Ball, location: 2F 3-2: Strikes out swinging
|
Top of the 5th over - 0 run(s), 0 hit(s), 0 error(s), 0 left on base; Mile High 0 - Houston 7 |
BOTTOM OF THE 5TH |
Houston Hammertime batting - Pitching for Mile High Broncos : RHP José García
|
Pitching: RHP Wilson Martínez
|
|
Batting: LHB Juan Cabañas
|
0-0: Ball 1-0: Called Strike 1-1: Ball 2-1: Ball 3-1: Called Strike 3-2: Base on Balls
|
Batting: LHB Bartolo Villanueva
|
0-0: Ball 1-0: Foul Ball, location: 2F 1-1: Ball 2-1: SINGLE (Groundball, 4MD) Juan Cabañas to second
|
Batting: RHB Moo-hyun Pak
|
0-0: Ball 1-0: Foul Ball, location: 2F 1-1: Called Strike 1-2: Foul Ball, location: 2F 1-2: Strikes out swinging
|
Batting: LHB José Villegas
|
0-0: Called Strike 0-1: Ball 1-1: Called Strike 1-2: Ball 2-2: Foul Ball, location: 2F 2-2: Foul Ball, location: 2F 2-2: Strikes out swinging
|
Batting: LHB Fernando Camacho
|
0-0: Ball 1-0: Ball 2-0: Ball 3-0: Ground out 4-3 (Groundball, 4)
|
Bottom of the 5th over - 0 run(s), 1 hit(s), 0 error(s), 2 left on base; Mile High 0 - Houston 7 |
TOP OF THE 6TH |
Mile High Broncos batting - Pitching for Houston Hammertime : RHP Norberto Méndez
|
Batting: LHB Pat Weaver
|
0-0: Foul Ball, location: 2F 0-1: Ball 1-1: Ball 2-1: Ball 3-1: Foul Ball, location: 2F 3-2: SINGLE (Line Drive, 9M)
|
Batting: SHB Tom Stevens
|
0-0: Ball 1-0: SINGLE (Groundball, 34D) (infield hit) Pat Weaver to second
|
Batting: RHB Su-kweon Yu
|
0-0: Called Strike 0-1: Swinging Strike 0-2: Strikes out swinging
|
Batting: LHB Tony Báez
|
0-0: Called Strike 0-1: 3-RUN HOME RUN (Flyball, 9LD), Distance : 330 ft
|
Batting: RHB António Martínez
|
0-0: Called Strike 0-1: Ball 1-1: Swinging Strike 1-2: Strikes out swinging
|
Batting: RHB David Moran
|
0-0: Ball 1-0: Ball 2-0: Ball 3-0: Called Strike 3-1: Swinging Strike 3-2: SINGLE (Line Drive, 4MD)
|
Batting: RHB Bo Vickers
|
0-0: Called Strike 0-1: Ball 1-1: Swinging Strike 1-2: Ball 2-2: Strikes out swinging passed ball, reaches first! David Moran to second
|
Pitching: RHP León Gómez
|
|
Batting: SHB Héctor Barajas
|
0-0: Ground out 1-3 (Groundball, 15)
|
Top of the 6th over - 3 run(s), 4 hit(s), 0 error(s), 2 left on base; Mile High 3 - Houston 7 |
BOTTOM OF THE 6TH |
Houston Hammertime batting - Pitching for Mile High Broncos : RHP Wilson Martínez
|
Batting: RHB Santo Cruz
|
0-0: DOUBLE (Line Drive, 8LM)
|
Batting: RHB Pepe González
|
0-0: Called Strike 0-1: Ball 1-1: Ball 2-1: Foul Ball, location: 2F Balk! Santo Cruz to third 2-2: Ball 3-2: Ground out 1-3 (Groundball, 15S)
|
Batting: SHB Cristo Ontiveros
|
0-0: Called Strike 0-1: Ball 1-1: Foul Ball, location: 2F 1-2: Ball 2-2: DOUBLE (Line Drive, 9LD) Santo Cruz scores
|
Batting: RHB Mario Beltrán
|
0-0: Ball 1-0: Swinging Strike 1-1: Ball 2-1: Swinging Strike 2-2: SINGLE (Groundball, 6) Cristo Ontiveros to third
|
Batting: LHB Juan Cabañas
|
0-0: Called Strike 0-1: Foul Ball, location: 2F 0-2: Foul Ball, location: 2F 0-2: Fly out, F7 (Flyball, 7LS)
|
Pitching: RHP Hokusai Nakashima
|
|
Batting: LHB Bartolo Villanueva
|
0-0: Called Strike 0-1: Foul Ball, location: 2F 0-2: Foul Ball, location: 2F 0-2: Ball 1-2: Foul Ball, location: 2F 1-2: Ball 2-2: 3-RUN HOME RUN (Flyball, 78XD), Distance : 382 ft
|
Batting: RHB Moo-hyun Pak
|
0-0: Called Strike 0-1: Ball 1-1: Ball 2-1: Ball 3-1: Base on Balls
|
Batting: LHB José Villegas
|
0-0: Ball 1-0: Ball 2-0: Swinging Strike 2-1: DOUBLE (Flyball, 78M) Moo-hyun Pak to third
|
Batting: LHB Fernando Camacho
|
0-0: Ball 1-0: Called Strike 1-1: Swinging Strike 1-2: Ball 2-2: Ball 3-2: Foul Ball, location: 2F 3-2: Strikes out swinging
|
Bottom of the 6th over - 4 run(s), 5 hit(s), 0 error(s), 2 left on base; Mile High 3 - Houston 11 |
TOP OF THE 7TH |
Mile High Broncos batting - Pitching for Houston Hammertime : RHP León Gómez
|
Batting: RHB José Darias
|
0-0: Swinging Strike 0-1: Ball 1-1: Ground out 4-3 (Groundball, 4M)
|
Batting: LHB Pat Weaver
|
0-0: Foul Ball, location: 2F 0-1: Called Strike 0-2: Ball 1-2: Strikes out swinging
|
Batting: SHB Tom Stevens
|
0-0: Swinging Strike 0-1: Swinging Strike 0-2: Foul Ball, location: 2F 0-2: Strikes out swinging
|
Top of the 7th over - 0 run(s), 0 hit(s), 0 error(s), 0 left on base; Mile High 3 - Houston 11 |
BOTTOM OF THE 7TH |
Houston Hammertime batting - Pitching for Mile High Broncos : RHP Hokusai Nakashima
|
Batting: RHB Santo Cruz
|
0-0: Ball 1-0: Ball 2-0: Ball 3-0: Called Strike 3-1: Base on Balls
|
Batting: RHB Pepe González
|
0-0: Called Strike Santo Cruz steals 2nd base 0-1: Swinging Strike 0-2: Ball 1-2: Foul Ball, location: 2F 1-2: Foul Ball, location: 2F 1-2: Ball 2-2: Foul Ball, location: 2F 2-2: Ball 3-2: Foul Ball, location: 2F 3-2: DOUBLE (Line Drive, 9LS) Santo Cruz scores
|
Batting: SHB Cristo Ontiveros
|
0-0: Called Strike 0-1: Ball 1-1: Foul Ball, location: 2F 1-2: Ball 2-2: Ball 3-2: DOUBLE (Flyball, 89D) Pepe González scores
|
Batting: RHB Mario Beltrán
|
0-0: Ball 1-0: Ball 2-0: Ground out 4-3 (Groundball, 13) Cristo Ontiveros to third
|
Batting: LHB Juan Cabañas
|
0-0: Called Strike 0-1: Ball 1-1: Called Strike 1-2: Strikes out looking
|
Batting: LHB Bartolo Villanueva
|
0-0: Foul Ball, location: 2F 0-1: Ball 1-1: Foul Ball, location: 2F 1-2: Ball 2-2: Ball 3-2: Foul Ball, location: 2F 3-2: Ground out 4-3 (Groundball, 4M)
|
Bottom of the 7th over - 2 run(s), 2 hit(s), 0 error(s), 1 left on base; Mile High 3 - Houston 13 |
TOP OF THE 8TH |
Mile High Broncos batting - Pitching for Houston Hammertime : RHP León Gómez
|
Now in LF: Dan Mason
|
|
Now in CF: Pedro Meza
|
|
Batting: RHB Su-kweon Yu
|
0-0: Called Strike 0-1: Ball 1-1: Foul Ball, location: 2F 1-2: Ball 2-2: Strikes out swinging
|
Batting: LHB Tony Báez
|
0-0: Ball 1-0: Called Strike 1-1: Swinging Strike 1-2: Strikes out swinging
|
Batting: RHB António Martínez
|
0-0: DOUBLE (Flyball, 7D)
|
Batting: RHB David Moran
|
0-0: Foul Ball, location: 2F 0-1: Swinging Strike 0-2: Ball 1-2: Strikes out swinging
|
Top of the 8th over - 0 run(s), 1 hit(s), 0 error(s), 1 left on base; Mile High 3 - Houston 13 |
BOTTOM OF THE 8TH |
Houston Hammertime batting - Pitching for Mile High Broncos : RHP Hokusai Nakashima
|
Batting: RHB Moo-hyun Pak
|
0-0: Foul Ball, location: 2F 0-1: Ball 1-1: Called Strike 1-2: Foul Ball, location: 2F 1-2: Ball 2-2: Fly out, F7 (Flyball, 78S)
|
Batting: LHB José Villegas
|
0-0: Called Strike 0-1: Ground out 4-3 (Groundball, 4)
|
Batting: LHB Fernando Camacho
|
0-0: Ball 1-0: Called Strike 1-1: Ball 2-1: SINGLE (Groundball, 13) (infield hit)
|
Pinch Hitting: LHB Pat Jones
|
0-0: Foul Ball, location: 2F 0-1: Swinging Strike 0-2: Ball 1-2: Fly out, F9 (Line Drive, 9S)
|
Bottom of the 8th over - 0 run(s), 1 hit(s), 0 error(s), 1 left on base; Mile High 3 - Houston 13 |
TOP OF THE 9TH |
Mile High Broncos batting - Pitching for Houston Hammertime : RHP León Gómez
|
Now at 1B: Domingo Matos
|
|
Now at 2B: Rafael Torres
|
|
Now in RF: Enrique Valentín
|
|
Batting: RHB Bo Vickers
|
0-0: Called Strike 0-1: Swinging Strike 0-2: Foul Ball, location: 2F 0-2: Ball 1-2: Ball 2-2: Ground out 6-3 (Groundball, 6)
|
Batting: SHB Héctor Barajas
|
0-0: Called Strike 0-1: Ball 1-1: Called Strike 1-2: Ball 2-2: SINGLE (Line Drive, 78M)
|
Batting: RHB José Darias
|
0-0: Ground out 4-3 (Groundball, 4M) Héctor Barajas to second
|
Batting: LHB Pat Weaver
|
0-0: Called Strike 0-1: Ball 1-1: Ball 2-1: Foul Ball, location: 2F 2-2: Strikes out swinging
|
Top of the 9th over - 0 run(s), 1 hit(s), 0 error(s), 1 left on base; Mile High 3 - Houston 13 |
|